 Dungeon Crawl Stone Soup version 0.18-a0-1784-ga939a68 (webtiles) character file.

34581 Ijustatesigmund the Grappler (level 13, 0/135 HPs)
             Began as a Troll Hunter on Apr 17, 2016.
             Was the Champion of Okawaru.
             Slain by grom234's ghost (24 damage)
             ... on level 6 of the Lair of Beasts on Apr 18, 2016.
             The game lasted 01:01:20 (14413 turns).

Ijustatesigmund the Grappler (Troll Hunter)        Turns: 14413, Time: 01:01:21

Health: 0/135      AC: 14    Str: 23    XL:     13   Next: 43%
Magic:  13/15      EV: 20    Int:  7    God:    Okawaru [******]
Gold:   1120       SH:  3    Dex: 16    Spells: 1 memorised, 11 levels left

rFire  + . .     SeeInvis +       - Unarmed
rCold  . . .     Gourm    +     N - +1 robe {MR+}
rNeg   . . .     Faith    .     (no shield)
rPois  +         Spirit   .     r - +1 hat {SInv}
rElec  .         Dismiss  .     J - +2 cloak {rPois}
rCorr  .         Reflect  +     (gloves unavailable)
SustAt .         Harm     .     (boots unavailable)
MR     +....                    i - +3 amulet of reflection
Stlth  +++.......               R - ring of protection from fire
                                T - +5 ring of evasion

@: about to teleport, appendage (expiring), heroism, somewhat resistant to
hostile enchantments, fairly stealthy
A: unfitting armour, claws 3, hooves 1, horns 2, iridescent scales 1, agile 1,
fast metabolism 3, gourmand, regeneration 3, shaggy fur 1, tough skin 2
a: End Transformation, Heroism, Finesse, Renounce Religion


You were on level 6 of the Lair of Beasts.
You worshipped Okawaru.
Okawaru was exalted by your worship.
You were full.
You had grown temporary horns.
You visited 2 branches of the dungeon, and saw 18 of its levels.
You also visited: Ossuary.

You collected 1274 gold pieces.
You spent 154 gold pieces at shops.

Inventory:

Hand Weapons
 A - the +7 dagger of Fenatoe {pierce, rElec rN+ MR+, unknown}
   (Okawaru gifted it to you on level 3 of the Lair of Beasts)

   It inflicts extra damage upon your enemies.
   It insulates you from electricity.
   It protects you from negative energy.
   It affects your resistance to hostile enchantments.
Missiles
 c - 5 large rocks (quivered)
 d - 2 throwing nets
 F - 7 poisoned tomahawks
Armour
 r - a +1 hat of see invisible (worn)
 J - a +2 cloak of poison resistance (worn)
 N - a +1 robe of magic resistance (worn)
Jewellery
 i - a +3 amulet of reflection (around neck)
 Q - an uncursed amulet of faith
 R - a ring of protection from fire (right claw)
 T - a +5 ring of evasion (left claw)
 U - the amulet of Ykifegg {RegenMP Str+3 Int+4 Dex-2}
   (You found it on level 3 of the Lair of Beasts)

   [amulet of magic regeneration]

   It increases your magic regeneration.
   It affects your strength (+3).
   It affects your intelligence (+4).
   It affects your dexterity (-2).
Wands
 b - a wand of digging (14/24)
 n - a wand of lightning (5/15)
 x - a wand of polymorph (17/24)
 B - a wand of iceblast (6/15)
 M - a wand of acid (9/15)
 W - a wand of iceblast (7/15)
Scrolls
 k - 2 scrolls of teleportation
 l - 4 scrolls of recharging
 o - 3 scrolls of identify
 p - a scroll of holy word
 u - a scroll of enchant armour
 v - 8 scrolls of remove curse
 y - 2 scrolls of immolation
 z - 2 scrolls of fear
 L - 2 scrolls of amnesia
 P - 3 scrolls of magic mapping
 S - 2 scrolls of enchant weapon
 Y - a scroll of fog
Potions
 e - 7 potions of cancellation
 g - 3 potions of brilliance
 h - 2 potions of haste
 m - a potion of berserk rage
 q - 4 potions of lignification
 s - 4 potions of might
 t - 2 potions of heal wounds
 w - 3 potions of curing
 C - 5 potions of ambrosia
 H - 2 potions of magic
 I - a potion of agility
 K - 2 potions of resistance
Comestibles
 a - 9 meat rations
 f - 14 bread rations
 j - 5 beef jerkies
 G - 8 slices of pizza


   Skills:
 + Level 10.4(15.4) Fighting
 + Level 0.2(5.2) Short Blades
 - Level 6.0(11.0) Throwing
 + Level 4.0(9.0) Dodging
 - Level 5.1(10.1) Stealth
 - Level 14.3(19.3) Unarmed Combat
 - Level 4.2 Transmutations
 - Level 4.0 Invocations
 - Level 3.0 Evocations


You had 11 spell levels left.
You knew the following spells:

 Your Spells              Type           Power        Failure   Level  Hunger
a - Beastly Appendage     Trmt           #.....       10%         1    ##.....


Dungeon Overview and Level Annotations

Branches:
Dungeon (12/15)            Temple (0/1) D:4            Lair (6/8) D:8
  Swamp (0/4) Lair:3        Snake (0/4) Lair:5          Orc (0/2) D:11
  Slime: Lair:6-8

Altars:
Kikubaaqudgha
Makhleb
Nemelex Xobeh
Okawaru
Pakellas
Qazlal
Sif Muna
Trog
Vehumet

Shops:
D:4 [:   D:6 (   D:12 :

Portals:
Trove: D:11 (give Volume of Hurtful Evil Secrets)

Annotations:
D:12 Maud
Lair:6 grom234's ghost, journeyman FoFi


Innate Abilities, Weirdness & Mutations

You are too large for most types of armour.
You have claws for hands.
Your metabolism is lightning-fast.
You like to eat raw meat.
You regenerate.
You are covered in fur (AC +1).
You have very tough skin (AC +2).
You have large cloven feet.
You have a pair of horns on your head.
You are partially covered in iridescent scales (AC +4).
You are agile. (Dex +2)


Message History

You scratch grom234's ghost but do no damage.
Grom234's ghost hits you!!
You closely miss grom234's ghost.
You kick grom234's ghost, but do no damage.
You claw grom234's ghost.
Grom234's ghost is lightly damaged.
You hear the faint crackling of a very distant melting archway.
Your transformation is almost over.
You claw grom234's ghost! Your kick misses grom234's ghost.
Grom234's ghost is lightly damaged.
Grom234's ghost hits you!!
You claw grom234's ghost! Your kick misses grom234's ghost.
You claw grom234's ghost.
Grom234's ghost is lightly damaged.
Grom234's ghost hits you!!
* * * LOW HITPOINT WARNING * * *
x2 Read which item? (? for menu, Esc to quit)
As you read the scroll of teleportation, it crumbles to dust.
You feel strangely unstable. Grom234's ghost hits you!!
You die...

#.P.... ##.P'# ## #...>#
###.. .#P### ##..##
#.... ..(.#.# ###....##
#..#. .....#.##P#.P...#
##...
................#####...
..PP............P#..##..
...P.#W..............+..
...# ##@........+.......
$. #.........####.#..
##.........# ##...
#..####.#.## ##.. ####
##.## ### ### #


You could see grom234's ghost.

Vanquished Creatures
  The ghost of LernaeanJelly the Phalangite, a journeyman MfBe of Trog (D:11)
  4 hydras
  A catoblepas (Lair:6)
  3 death yaks (Lair:3)
  2 hill giants
  Pikel (D:4)
  6 elephants (Lair:5)
  3 black mambas
  A centaur zombie (D:11)
  A guardian serpent (D:12)
  4 komodo dragons
  5 spiny frogs
  9 blink frogs
  3 slime creatures (D:12)
  A human (D:7)
  A wraith (Ossuary)
  2 wyverns
  A basilisk (Lair:1)
  41 yaks
  2 hill giant zombies (D:11)
  7 hippogriffs
  4 hungry ghosts
  Menkaure (D:5)
  3 swamp worms (Lair:3)
  3 nagas (Lair:5)
  8 water moccasins
  4 porcupines
  3 sky beasts
  An ice beast (D:7)
  7 orc warriors
  3 black bears
  4 phantoms
  An eye of draining (D:10)
  2 necrophages
  3 ogres
  8 wolves
  6 centaurs
  6 crocodiles
  A big kobold (D:11)
  16 giant frogs
  A water moccasin skeleton (D:10)
  3 scorpions
  3 troll zombies (D:11)
  4 wights (D:8)
  2 electric eels
  3 howler monkeys
  3 crimson imps
  3 quasits
  4 giant frog zombies
  Crazy Yiuf (D:3)
  4 hounds
  5 centaur skeletons
  7 orc priests
  3 jellies
  A giant frog skeleton (D:5)
  8 orc wizards
  12 iguanas
  Terence (D:3)
  13 worker ants
  4 sheep (D:7)
  3 ogre zombies (D:11)
  A hound skeleton (D:5)
  A mummy (Ossuary)
  3 worker ant zombies
  7 gnolls
  48 river rats
  13 adders
  2 shadow imps
  An ooze (D:6)
  2 adder skeletons
  3 worms
  A dart slug (D:1)
  7 giant geckos
  50 orcs
  5 giant cockroaches
  11 goblins
  3 hobgoblins
  6 jackals
  12 kobolds
  5 quokkas
  2 ball pythons (D:4)
  4 bats
  8 giant newts
  7 gnoll skeletons (Ossuary)
  A goblin skeleton (D:11)
  2 goblin zombies (D:11)
  2 hobgoblin skeletons (D:11)
  7 kobold skeletons (Ossuary)
  13 orc skeletons
  18 orc zombies (D:11)
  A quokka skeleton (D:4)
  11 rats
  5 rat zombies (D:2)
  3 fungi
536 creatures vanquished.

Vanquished Creatures (others)
  A howler monkey skeleton (D:4)
  A worm (D:4)
  An adder skeleton (D:6)
  A giant cockroach (D:4)
  A fungus (Lair:3)
  A plant (Lair:1)
6 creatures vanquished.

Grand Total: 542 creatures vanquished

Notes
Turn   | Place    | Note
--------------------------------------------------------------
     0 | D:1      | Ijustatesigmund the Troll Hunter began the quest for the Orb.
     0 | D:1      | Reached XP level 1. HP: 19/19 MP: 0/0
   110 | D:1      | Reached skill level 1 in Unarmed Combat
   125 | D:1      | Reached XP level 2. HP: 18/28 MP: 1/1
   533 | D:1      | Found a sparkling altar of Nemelex Xobeh.
   771 | D:1      | Reached XP level 3. HP: 32/35 MP: 2/2
   807 | D:2      | Reached skill level 2 in Unarmed Combat
   843 | D:2      | Upgraded the game from 0.18-a0-1782-gb76a692 to 0.18-a0-1784-ga939a68
  1045 | D:2      | Reached XP level 4. HP: 32/44 MP: 3/3
  1226 | D:2      | Found a stormy altar of Qazlal.
  1227 | D:2      | Found an iron altar of Okawaru.
  1234 | D:2      | Became a worshipper of Warmaster Okawaru
  1407 | D:2      | Reached skill level 3 in Unarmed Combat
  1443 | D:2      | Found an ancient bone altar of Kikubaaqudgha.
  1750 | D:3      | Noticed Terence
  1754 | D:3      | Killed Terence
  1754 | D:3      | Reached XP level 5. HP: 52/53 MP: 4/4
  1831 | D:3      | Noticed Crazy Yiuf
  1841 | D:3      | Killed Crazy Yiuf
  2088 | D:3      | Gained mutation: You are agile. (Dex +2) [potion of mutation]
  2088 | D:3      | Gained mutation: You regenerate. [potion of mutation]
  2088 | D:3      | Gained mutation: You have large cloven feet. [potion of mutation]
  2191 | D:3      | Found a radiant altar of Vehumet.
  2443 | D:4      | Reached skill level 4 in Unarmed Combat
  2481 | D:4      | Found Rorakh's Book Shoppe.
  2486 | D:4      | Reached XP level 6. HP: 60/62 MP: 5/5
  2533 | D:4      | Noticed Pikel
  2533 | D:4      | Noticed a slave
  2533 | D:4      | Noticed a slave
  2533 | D:4      | Noticed a slave
  2534 | D:4      | Noticed a slave
  2546 | D:4      | Killed Pikel
  2546 | D:4      | Reached * piety under Okawaru
  2546 | D:4      | Reached skill level 5 in Unarmed Combat
  2546 | D:4      | Reached XP level 7. HP: 71/71 MP: 6/6
  2594 | D:4      | Found Vieczoge's Armour Shoppe.
  2616 | D:4      | Bought a +0 hat of see invisible for 154 gold pieces
  2699 | D:4      | Reached skill level 5 in Fighting
  2842 | D:4      | Noticed a moth of wrath
  2845 | D:4      | Found a bloodstained altar of Trog.
  2941 | D:4      | Reached skill level 6 in Unarmed Combat
  3028 | D:4      | Found a staircase to the Ecumenical Temple.
  3100 | D:5      | Entered Level 5 of the Dungeon
  3141 | D:5      | Reached ** piety under Okawaru
  3202 | D:5      | Reached XP level 8. HP: 47/81 MP: 7/7
  3432 | D:5      | Noticed Menkaure
  3439 | D:5      | Killed Menkaure
  3439 | D:5      | Reached skill level 7 in Unarmed Combat
  3644 | D:5      | Learned a level 1 spell: Beastly Appendage
  3680 | D:5      | Reached skill level 1 in Transmutations
  3735 | D:6      | Reached *** piety under Okawaru
  3847 | D:6      | Found Dagobamp's Antique Weapon Boutique.
  4105 | D:6      | Found an oddly glowing altar of Pakellas.
  4135 | D:6      | Reached XP level 9. HP: 90/91 MP: 8/8
  4590 | D:7      | Found a sand-covered staircase.
  4597 | Ossuary  | Entered an ossuary
  4692 | Ossuary  | Gained mutation: You are partially covered in iridescent scales (AC +4). [potion of beneficial mutation]
  4877 | D:7      | Reached skill level 8 in Unarmed Combat
  5040 | D:7      | Reached **** piety under Okawaru
  5213 | D:7      | Reached skill level 9 in Unarmed Combat
  5447 | D:7      | Found a burning altar of Makhleb.
  5864 | D:8      | Reached ***** piety under Okawaru
  5864 | D:8      | Reached XP level 10. HP: 102/102 MP: 9/9
  5902 | D:8      | Reached skill level 10 in Unarmed Combat
  5963 | D:8      | Found a staircase to the Lair.
  6655 | D:9      | Reached skill level 11 in Unarmed Combat
  6693 | D:9      | Found a flagged portal.
  7166 | D:10     | Entered Level 10 of the Dungeon
  7254 | D:10     | Noticed a hill giant
  7263 | D:10     | Killed a hill giant
  7436 | D:10     | Reached skill level 1 in Invocations
  7443 | D:10     | Received a gift from Okawaru
  7444 | D:10     | Reached skill level 1 in Evocations
  7454 | D:10     | Reached XP level 11. HP: 108/113 MP: 9/11
  7896 | D:11     | Noticed LernaeanJelly's ghost (journeyman MfBe)
  7905 | D:11     | Killed LernaeanJelly's ghost
  8158 | D:11     | Received a gift from Okawaru
  8231 | D:11     | Found a staircase to the Orcish Mines.
  8463 | D:11     | Found a portal to a secret trove of treasure.
  8831 | D:11     | Reached ****** piety under Okawaru
  8969 | D:12     | Reached skill level 12 in Unarmed Combat
  9199 | D:12     | Received a gift from Okawaru
  9305 | D:12     | Reached skill level 5 in Throwing
  9321 | D:12     | Noticed a hill giant
  9329 | D:12     | Killed a hill giant
  9351 | D:12     | Found a deep blue altar of Sif Muna.
  9554 | D:12     | Found Neaxzun's Book Shoppe.
  9560 | D:12     | Noticed Maud
  9800 | Lair:1   | Entered Level 1 of the Lair of Beasts
 10080 | Lair:1   | Noticed an eight-headed hydra
 10095 | Lair:1   | HP: 5/113 [12-headed hydra (6)]
 10254 | Lair:1   | Reached XP level 12. HP: 110/122 MP: 14/14
 10284 | Lair:1   | Noticed a four-headed hydra
 10298 | Lair:1   | Killed a seven-headed hydra
 10399 | Lair:1   | Reached skill level 13 in Unarmed Combat
 10610 | Lair:1   | Noticed a four-headed hydra
 10615 | Lair:1   | Killed a four-headed hydra
 10789 | Lair:1   | Killed a 12-headed hydra
 11122 | Lair:2   | Received a gift from Okawaru
 11337 | Lair:2   | Found a bloodstained altar of Trog.
 11572 | Lair:3   | Noticed a death yak
 11575 | Lair:3   | Noticed a death yak
 11575 | Lair:3   | Noticed a death yak
 11581 | Lair:3   | Killed a death yak
 11581 | Lair:3   | Received a gift from Okawaru
 11586 | Lair:3   | Killed a death yak
 11589 | Lair:3   | Killed a death yak
 11592 | Lair:3   | Got a crystal dagger {god gift}
 11648 | Lair:3   | Reached skill level 10 in Fighting
 11648 | Lair:3   | Reached skill level 14 in Unarmed Combat
 11664 | Lair:3   | Got a sparkling diamond amulet
 11665 | Lair:3   | Identified the amulet of Ykifegg {RegenMP Str+3 Int+4 Dex-2} (You found it on level 3 of the Lair of Beasts)
 11772 | Lair:3   | Noticed a six-headed hydra
 11845 | Lair:3   | Killed a six-headed hydra
 11859 | Lair:3   | Received a gift from Okawaru
 12103 | Lair:3   | Found a staircase to the Swamp.
 12381 | Lair:4   | Reached skill level 1 in Stealth
 12391 | Lair:4   | Reached XP level 13. HP: 106/135 MP: 15/15
 13343 | Lair:5   | Found a staircase to the Snake Pit.
 13730 | Lair:5   | Received a gift from Okawaru
 14325 | Lair:6   | Reached skill level 5 in Stealth
 14403 | Lair:6   | Noticed grom234's ghost (journeyman FoFi)
 14413 | Lair:6   | Slain by grom234's ghost

Vault maps used:
D:1:      dpeg_arrival_solitude, nemelex_xobeh_ov_fountains_minmay
D:2:      lemuel_zombie_altar_kikubaaqudgha, gammafunk_temple_overflow_pools
D:3:      lemuel_round_altar, uniq_terence, uniq_crazy_yiuf_cottage
D:4:      tgw_trog, minmay_temple_entry_enclosed_plants, serial_shops, shop,
          first_bread, kennysheep_small_square, uniq_pikel
D:5:      uniq_menkaure
D:6:      minmay_klotski, johnstein_pakellas_dig, serial_shops,
          nicolae_shop_stone, lightli_minifort
D:7:      lemuel_doored_altar, chequers_ossuary_entry_cave, grunt_livestock,
          hangedman_glass_teeth, dk_rats_in_the_wall
D:8:      lair_0_dummy
D:9:      enter_bailey_2
D:11:     zombieorc2_lemuel, enter_trove_3
D:12:     basic_altar, serial_shops, shop, nrook_guardian_serpent_double,
          uniq_maud
Lair:1:   nicolae_quartered_pool_super
Lair:2:   basic_altar
Lair:3:   nicolae_swamp_entry_splash_gauntlet
Lair:4:   grunt_megastairs_4
Lair:5:   minmay_snake_entry_guardpost_small, serial_bayou_shore_a
Lair:6:   portal_ice_cave_entry_imps, infiniplex_staircase_pool_2
Ossuary:  ossuary_due_mausoleum

Skill      XL: |  1  2  3  4  5  6  7  8  9 10 11 12 13 |
---------------+----------------------------------------+-----
Unarmed Combat | 1 2 3 4 5 6 7 9 11 12 14 | 14.3
Fighting       | 2 3 4 5 6 7 8 10 | 10.4
Transmutations | 3 4 |  4.2
Invocations    | 1 4 |  4.0
Dodging        | 2 4 |  4.0
Evocations     | 1 3 |  3.0
Throwing       | 6 |  6.0
Stealth        | 1 5 |  5.1
Short Blades   | |  0.2

Action                   |  1- 3 |  4- 6 |  7- 9 | 10-12 | 13-15 || total
-------------------------+-------+-------+-------+-------+-------++-------
Melee: Unarmed           |    94 |   142 |   418 |   697 |   238 ||  1589
       Punch             |       |     2 |    16 |    47 |    24 ||    89
       Kick              |       |    11 |   127 |   242 |    85 ||   465
       Headbutt          |       |       |     7 |    31 |     6 ||    44
Throw: Large rock        |       |     8 |       |    24 |     3 ||    35
       Throwing net      |       |     1 |       |     1 |       ||     2
 Cast: Beastly Appendage |       |       |     4 |    15 |     3 ||    22
Invok: Heroism           |       |       |     2 |    14 |     2 ||    18
       Finesse           |       |       |       |     2 |       ||     2
  Use: Scroll            |     3 |     9 |    16 |    12 |     2 ||    42
       Potion            |       |     1 |     1 |     3 |       ||     5
 Stab: Sleeping          |       |     1 |     2 |     3 |     2 ||     8
       Held in net/web   |       |     2 |       |       |       ||     2
       Distracted        |       |       |       |     1 |       ||     1
  Eat: Chunk             |    14 |    15 |    31 |    63 |    15 ||   138
       Royal jelly       |       |       |       |     1 |       ||     1
       Fruit             |       |       |       |       |     9 ||     9
Armor: Robe              |    27 |    48 |   122 |   199 |    50 ||   446
Dodge: Dodged            |    41 |    56 |   170 |   376 |   172 ||   815
Block: Other             |     9 |    12 |    41 |    60 |    12 ||   134
       Reflection        |     1 |     1 |     5 |       |       ||     7
